 Dungeon Crawl Stone Soup version 0.31-a0-202-g547052bce9 (webtiles) character file.

Game seed: 14503277611403436140

261 promet the Stinger (level 5, -5/27 (30) HPs)
             Began as a Deep Elf Venom Mage on June 26, 2023.
             Slain by Edmund
             ... wielding a +2 heavy flail
              (20 damage)
             ... on level 5 of the Dungeon on June 27, 2023.
             The game lasted 00:25:48 (7219 turns).

promet the Stinger (Deep Elf Venom Mage)            Turns: 7219, Time: 00:25:49

HP:   -5/27 (30)    AC:  3    Str:  7    XL:     5   Next: 96%
MP:   12/12         EV: 12    Int: 20    God:
Gold: 323           SH:  0    Dex: 15    Spells: 8/11 levels left

rFire   . . .        a - +3 dagger
rCold   + . .        (no shield)
rNeg    . . .        j - +0 leather armour
rPois   .            (no helmet)
rElec   .            l - scarf {+Inv}
rCorr   .            (no gloves)
SInv    +            (no boots)
Will    .....        (no amulet)
Stlth   ++           h - ring of protection from cold
HPRegen 0.24/turn    r - ring of see invisible
MPRegen 0.13/turn

%: no passive effects
@: very slightly contaminated, heavily drained, invisible
A: no striking features
a: Evoke Invisibility


You were on level 5 of the Dungeon.
You visited 1 branch of the dungeon, and saw 5 of its levels.

You collected 323 gold pieces.

Inventory:

Hand Weapons
 a - a +3 dagger (weapon)
 f - a +0 short sword
Missiles
 d - 28 stones (quivered)
Armour
 c - a +0 robe
 j - a +0 leather armour (worn)
 l - a scarf of invisibility (worn)
 s - a scarf of resistance
Jewellery
 h - a ring of protection from cold (left hand)
 i - a ring of magical power
 r - a ring of see invisible (right hand)
 u - a ring of flight
 v - a +6 ring of intelligence
Wands
 n - a wand of flame (4)
Scrolls
 p - a scroll of revelation
 q - 7 scrolls of identify
Potions
 b - a potion of magic
 e - a potion of attraction
 g - a potion of resistance
 k - a potion of might
 m - a potion of degeneration
 o - 2 potions of heal wounds {unknown}
 t - a potion of lignification {unknown}
 w - a potion of curing {unknown}
 x - a potion of brilliance {unknown}


   Skills:
 * Level 1.7 Fighting
 + Level 0.7 Short Blades
 + Level 1.0 Armour
 + Level 2.7 Dodging
 + Level 3.2 Stealth
 + Level 3.8 Spellcasting
 + Level 2.2 Transmutations
 + Level 0.8 Air Magic
 + Level 4.5 Poison Magic
 * Level 2.0 Evocations


You had 8 spell levels left.
You knew the following spells:

 Your Spells              Type           Power      Damage    Failure   Level
a - Sting                 Tmut/Pois      68%        1d6       4%          1
b - Poisonous Vapours     Pois/Air       28%        N/A       10%         2

Your spell library contained the following spells:

 Spells                   Type           Power      Damage    Failure   Level
 Mephitic Cloud           Conj/Pois/Air  10%        N/A       28%         3
 Olgreb's Toxic Radiance  Pois           22%        N/A       28%         4
 Ozocubu's Armour         Ice            3%         N/A       50%         3
 Freezing Cloud           Conj/Ice/Air   2%         6-21      99%         5
 Ozocubu's Refrigeration  Ice            1%         4d7       100%        7


Dungeon Overview and Level Annotations

Branches:
Dungeon (5/15)
 Temple: D:4-7

Altars:
Uskayaw

Shops:
D:3 (

Annotations:
D:3 3 runed translucent doors, Grinder; MrSquiggles's ghost, weakling HuWn
D:5 Edmund


Message History

You hit the adder.
You kill the adder!
The kobold throws a stone.
The stone hits you but does no damage.
Your magical contamination has completely faded away.
You hit the kobold.
You kill the kobold!
d - 28 stones (gained 5)
You see here a +0 mace.
You see here a +0 mace.
There is a stone staircase leading down here.
You see here an adder corpse.
There is a stone staircase leading down here.
You climb downwards.
Level annotation: Edmund
Found 13 gold pieces.
There is a stone staircase leading up here.
You now have 323 gold pieces (gained 13).
There is a stone staircase leading up here.
You open the door.
There is an open door here.
A hound comes into view.
Edmund shouts!
Edmund says, "I might not be good at magic, but I can still kill you!"
There is an open door here.
You feel drained.
You fade into invisibility!
You are very lightly contaminated with residual magic.
Edmund hits you with a +2 heavy flail!
Unknown command.
You catch the helpless Edmund completely off-guard!
You puncture Edmund!
Edmund is lightly wounded.
Edmund hits you with a +2 heavy flail.
You hit Edmund but do no damage.
Edmund is lightly wounded.
You hit Edmund but do no damage.
Edmund is lightly wounded.
Edmund hits you with a +2 heavy flail!!
Ouch! That really hurt!
You die...

#..........###.#
#..........# .#
#........@####.#
#..<...........#
#.........###..#
# ###########
#..##+#..
#........
###'##.....
#@@........
#..........
#.....#####
#.....# #.....#
#.......
#........
#.........
#.........


You could see Edmund (unable to see you).

Vanquished Creatures
  Terence (D:3)
  An iguana (D:4)
  An orc wizard (D:4)
  8 adders
  4 dart slugs
  9 orcs (D:4)
  5 endoplasms
  4 giant cockroaches
  10 goblins
  4 hobgoblins
  11 jackals
  10 kobolds
  3 quokkas
  11 ball pythons
  7 bats
  2 frilled lizards
  5 rats
96 creatures vanquished.

Notes
Turn   | Place    | Note
-------+----------+-------------------------------------------
     0 | D:1      | promet the Deep Elf Venom Mage began the quest for the Orb.
     0 | D:1      | Reached XP level 1. HP: 10/10 MP: 6/6
   335 | D:1      | Reached XP level 2. HP: 15/15 MP: 4/8
   861 | D:1      | Reached XP level 3. HP: 9/20 MP: 3/9
  1140 | D:1      | Learned a level 2 spell: Poisonous Vapours
  1791 | D:2      | Reached skill level 4 in Poison Magic
  2001 | D:2      | Reached skill level 1 in Fighting
  2105 | D:2      | Reached skill level 1 in Evocations
  2105 | D:2      | Reached XP level 4. HP: 21/25 MP: 1/10
  3655 | D:2      | Identified the +1 robe of the Catfish {-Tele rC++}
  4583 | D:3      | Noticed a kobold brigand
  4583 | D:3      | Noticed MrSquiggles's ghost (weakling HuWn)
  4583 | D:3      | Found a runed translucent gate.
  4583 | D:3      | Found a runed translucent gate.
  4583 | D:3      | Found a runed translucent gate.
  4634 | D:3      | Noticed Grinder
  4759 | D:3      | Reached XP level 5. HP: 27/27 MP: 2/12
  4803 | D:3      | Found Zeco's Weapon Boutique.
  4834 | D:3      | Noticed Terence
  4845 | D:3      | Killed Terence
  5548 | D:4      | HP: 1/29 [hobgoblin (3)]
  5553 | D:4      | HP: 1/29 [hobgoblin (1)]
  6466 | D:4      | Reached skill level 1 in Armour
  6942 | D:4      | Found a hide-covered altar of Uskayaw.
  7108 | D:5      | Entered Level 5 of the Dungeon
  7110 | D:5      | Noticed Edmund
  7219 | D:5      | Slain by Edmund

Illustrated notes

Levels and vault maps discovered:
D:1:      spicycebolla_arrival_xxxplode, layout_loops_ring,
          dreamdust_princess_corridor
D:2:      layout_basic, minmay_snake_closets
D:3:      layout_loops_cross, serial_shops, nicolae_shop_peninsula,
          gammafunk_ghost_nasty_kobolds, uniq_grinder, uniq_terence
D:4:      layout_cave_pools, mainiacjoe_overflow_catwalk, minmay_misc_feat_room
D:5:      layout_basic, nicolae_overflow_hallway_of_the_gods, uniq_edmund

Skill      XL: |  1  2  3  4  5 |
---------------+----------------+-----
Transmutations | 2 |  2.2
Poison Magic   | 4 |  4.5
Fighting       | 1 |  1.7
Evocations     | 1 2 |  2.0
Stealth        | 3 |  3.2
Armour         | 1 |  1.0
Short Blades   | |  0.7
Dodging        | |  2.7
Spellcasting   | |  3.8
Air Magic      | |  0.8

Action                     |  1- 3 |  4- 6 || total
---------------------------+-------+-------++-------
  Melee: Unarmed           |     6 |       ||     6
         Short sword       |     8 |       ||     8
         Dagger            |    31 |    96 ||   127
         Punch             |       |     1 ||     1
  Throw: Stone             |     4 |       ||     4
   Cast: Sting             |    48 |    33 ||    81
         Poisonous Vapours |    10 |    49 ||    59
Ability: Evoke Invisibilit |       |     1 ||     1
    Use: Scroll            |     6 |     8 ||    14
   Stab: Sleeping          |     8 |     4 ||    12
         Distracted        |     1 |     1 ||     2
         Invisible         |       |     1 ||     1
 Armour: Robe              |    10 |       ||    10
         Leather armour    |     5 |    25 ||    30
  Dodge: Dodged            |    40 |    57 ||    97

Table legend: (Time is in decaauts)
 A = Elapsed time spent in this place.
 B = Non-inter-level travel time spent in this place.
 C = Inter-level travel time spent in this place.
 D = Time resting spent in this place.
 E = Time spent auto-exploring this place.
 F = Levels seen in this place.
 G = Mean time per level.
                   A        B        C        D        E       F      G
               +--------+--------+--------+--------+--------+-----+--------+
         Total |   7213 |   7106 |    107 |   3669 |   1014 |   5 | 1442.6 |
       Dungeon |   7213 |   7106 |    107 |   3669 |   1014 |   5 | 1442.6 |
               +--------+--------+--------+--------+--------+-----+--------+

Top non-repeatable levels by time:
     D:2: 2830 daAuts
     D:1: 1782 daAuts
     D:4: 1496 daAuts
     D:3: 1038 daAuts
     D:5: 66 daAuts
